 Dungeon Crawl Stone Soup version 0.28.0-47-ge53b351184 (webtiles) character file.

Game seed: 5614165492161754815

66 Gabide the Cudgeller (level 4, -1/35 HPs)
             Began as a Human Monk on May 9, 2022.
             Was a Priest of Dithmenos.
             Killed from afar by Sigmund (3 damage)
             ... with a magic dart
             ... on level 2 of the Dungeon.
             The game lasted 00:03:23 (2300 turns).

Gabide the Cudgeller (Human Monk)                   Turns: 2300, Time: 00:03:24

Health: -1/35      AC:  5    Str: 13    XL:     4   Next: 37%
Magic:  0/5        EV: 13    Int: 10    God:    Dithmenos [***...]
Gold:   112        SH:  0    Dex: 16    Spells: 3/3 levels left

rFire   . . .      SeeInvis .   a - +0 mace
rCold   . . .      Faith    .   (no shield)
rNeg    . . .      Spirit   +   b - +0 robe
rPois   .          Reflect  .   c - +2 hat of the Bear Spirit {Spirit, *Rage Will++}
rElec   .          Harm     .   (no cloak)
rCorr   .          Rampage  .   (no gloves)
Will    ++...      Rage     20% d - +0 pair of boots
Stlth   +++.......              (no amulet)
HPRegen 0.11/turn               (no ring)
MPRegen 0.09/turn               (no ring)

@: on berserk cooldown, slowed, wreathed by umbra, very slow
A: no striking features
a: Renounce Religion, Shadow Step


You were on level 2 of the Dungeon.
You worshipped Dithmenos.
Dithmenos was most pleased with you.
You visited 1 branch of the dungeon, and saw 2 of its levels.

You collected 112 gold pieces.

Inventory:

Hand Weapons
 a - a +0 mace (weapon)
Armour
 b - a +0 robe (worn)
 c - the +2 hat of the Bear Spirit (worn) {Spirit, *Rage Will++}
   (You acquired it on level 1 of the Dungeon)

   Going berserk makes the wearer tougher, and they're slowed less afterward.
   *Rage:     It berserks you when you make melee attacks (+20% chance).
   Will:      It greatly increases your willpower.
 d - a +0 pair of boots (worn)
Wands
 k - a wand of digging (3)
Scrolls
 e - a scroll of magic mapping
 g - a scroll of teleportation {unknown}
 h - a scroll of immolation {unknown}
Potions
 f - a potion of flight {unknown}
 i - a potion of attraction {unknown}
 j - a potion of ambrosia {unknown}


   Skills:
 + Level 3.4 Fighting
 + Level 3.5 Maces & Flails
 + Level 3.4 Dodging
 - Level 2.0 Stealth
 * Level 2.2 Invocations


You had 3 spell levels left.
You didn't know any spells.
Your spell library was empty.

Dungeon Overview and Level Annotations

Branches:
Dungeon (2/15)

Altars:
Dithmenos

Annotations:
D:2 Sigmund


Message History

Sigmund is moderately wounded.
Sigmund misses you.
You closely miss Sigmund.
Sigmund is moderately wounded.
Sigmund closely misses you.
You sock Sigmund!
Sigmund is severely wounded.
You hit Sigmund.
Sigmund is almost dead.
Sigmund hits you but does no damage.
You barely miss Sigmund.
Sigmund is almost dead.
You barely miss Sigmund.
Sigmund is almost dead.
Sigmund hits you but does no damage.
You barely miss Sigmund.
Sigmund is almost dead.
You are no longer berserk.
You are exhausted.
You feel yourself slow down.
You closely miss Sigmund.
Sigmund is almost dead.
Sigmund closely misses you.
Sigmund points at you and mumbles some strange words.
The magic dart hits you.
* * * LOW HITPOINT WARNING * * *
You hit Sigmund.
Sigmund is almost dead.
Sigmund breathes a few words.
Sigmund's hands start flickering wildly.
Sigmund mumbles some strange words.
Sigmund flickers and vanishes!
Deactivating autopickup; reactivate with Ctrl-A.
Okay, then.
Unknown command.
You miss something.
You hear some strange, mumbled words.
A magic dart appears from out of thin air!
The magic dart hits you.
You die...

#.......# ######
#.......# #....#
##.....## #....#
###...## #....#
#.##'#######'### #....#
#............{.. #....#
#......{........
#....###.÷.............
#.....@{.##'#######+###
#....##÷##...##
#....####.....##
###.####.......#
#...##...)...#
###.##.......#
#.###.....## #.#
##...## #.#
##############


There were no monsters in sight!

Vanquished Creatures
  Terence (D:2)
  An adder (D:2)
  4 endoplasms
  A giant cockroach (D:2)
  2 goblins
  5 hobgoblins
  3 kobolds (D:1)
  A quokka (D:2)
  3 ball pythons
  2 bats (D:2)
  3 frilled lizards
  5 rats
31 creatures vanquished.

Notes
Turn   | Place    | Note
-------+----------+-------------------------------------------
     0 | D:1      | Gabide the Human Monk began the quest for the Orb.
     0 | D:1      | Reached XP level 1. HP: 18/18 MP: 1/1
   282 | D:1      | Found a faded altar of an unknown god.
   300 | D:1      | Prayed at the altar of an unknown god.
   300 | D:1      | Became a worshipper of Dithmenos the Shadowed
   300 | D:1      | Reached * piety under Dithmenos
   300 | D:1      | Reached ** piety under Dithmenos
   594 | D:1      | Reached XP level 2. HP: 10/24 MP: 2/2
  1270 | D:1      | Reached skill level 1 in Invocations
  1510 | D:1      | Reached *** piety under Dithmenos
  1543 | D:1      | Identified a scroll of acquirement
  1544 | D:1      | Acquired the +2 hat of the Bear Spirit {Spirit, *Rage
                  | Will++}
  1544 | D:1      | Found the +2 hat of the Bear Spirit {Spirit, *Rage Will++}
  1565 | D:2      | Reached XP level 3. HP: 21/29 MP: 2/4
  1765 | D:2      | Noticed Terence
  1793 | D:2      | Killed Terence
  1794 | D:2      | Reached XP level 4. HP: 13/35 MP: 1/5
  2246 | D:2      | Noticed Sigmund
  2298 | D:2      | HP: 1/35 [Sigmund/magic dart (5)]
  2300 | D:2      | Killed from afar by Sigmund

Illustrated notes

Levels and vault maps discovered:
D:1:      giann_forest_graveyard, layout_loops_corners,
          hellmonk_ecumenical_altar_prayer_group, minmay_misc_feat_five
D:2:      kennysheep_six_static_rooms, layout_rooms, grunt_decor_cap,
          uniq_sigmund, uniq_crazy_yiuf_cottage, uniq_terence

Skill      XL: |  1  2  3 |
---------------+----------+-----
Invocations    | 1 2 |  2.2
Fighting       | |  3.4
Maces & Flails | |  3.5
Dodging        | |  3.4
Stealth        | |  2.0

Action                   |  1- 3 |  4- 6 || total
-------------------------+-------+-------++-------
Melee: Mace              |    95 |    41 ||   136
       Punch             |       |     1 ||     1
  Use: Scroll            |     3 |       ||     3
 Stab: Sleeping          |     6 |       ||     6
Armor: Robe              |    15 |     9 ||    24
Dodge: Dodged            |    73 |    29 ||   102
